Map: [ESL] Babylon

Players

Has - Winner!

  • Race: Protoss Protoss
  • Spawn Location: 11:00

Nice

  • Race: Protoss Protoss
  • Spawn Location: 5:00

Event: ESL SC2 Masters 2023 Summer (Regionals)

VOD

Have the link to the VOD?

Description

Time

  • Played on: June 13, 2023, 6:56 a.m.
  • Length: 10:29

All games in this series

Show
View Real Time Build Order
Export as new Build Order

Has Protoss - Winner!

Build Orders:  

Get SALT Encoding   

  12  0:00  Probe  
  13  0:12  Probe  
  14  0:19  Pylon  
  14  0:24  Probe (Chrono Boost)  
  15  0:38  Probe (Chrono Boost), Gateway  
  16  0:45  Probe (Chrono Boost)  
  16  0:47  Assimilator  
  17  0:52  Probe  
  18  1:04  Probe  
  19  1:16  Probe  
  20  1:28  Cybernetics Core, Probe  
  20  1:31  Pylon  
  23  1:49  Probe  
  24  1:59  Nexus  
  24  2:02  Probe  
  24  2:03  Adept (Chrono Boost)  
  25  2:10  Shield Battery, Assimilator  
  25  2:14  Probe  
  26  2:23  Stalker (Chrono Boost)  
  26  2:29  Gateway  
  28  2:34  Warp Gate  
  28  2:35  Probe  
  28  2:44  Pylon  
  28  2:51  Probe  
  29  2:54  Pylon  
  29  3:01  Shield Battery  
  29  3:03  Stalker  
  31  3:11  Probe  
  33  3:21  Pylon  
  33  3:24  Probe x2 (Chrono Boost)  
  34  3:31  Twilight Council  
  34  3:33  Probe x2 (Chrono Boost)  
  36  3:38  Probe x2 (Chrono Boost)  
  38  3:50  Probe x2  
  38  3:51  Robotics Facility  
  40  4:02  Probe  
  41  4:03  Probe  
  42  4:11  Blink  
  42  4:14  Probe  
  42  4:22  Probe  
  40  4:26  Probe  
  41  4:34  Stalker x2  
  41  4:35  Probe  
  42  4:39  Probe  
  42  4:44  Observer (Chrono Boost)  
  43  4:47  Probe  
  43  4:52  Probe  
  46  5:00  Probe  
  46  5:04  Probe  
  46  5:05  Forge  
  46  5:06  Gateway  
  47  5:08  Gateway  
  47  5:12  Probe  
  48  5:16  Probe  
  49  5:24  Probe  
  49  5:27  Nexus  
  50  5:30  Probe, Pylon  
  50  5:32  Protoss Ground Weapons Level 1 (Chrono Boost)  
  51  5:36  Probe  
  52  5:43  Probe  
  52  5:45  Stalker x2  
  52  5:49  Probe  
  58  5:55  Pylon  
  58  5:57  Probe  
  58  6:01  Stalker  
  58  6:03  Pylon  
  61  6:08  Gateway  
  61  6:09  Probe  
  61  6:10  Charge (Chrono Boost)  
  61  6:11  Probe  
  63  6:14  Gateway  
  62  6:27  Stalker x2  
  62  6:30  Stalker  
  62  6:31  Probe  
  68  6:34  Observer (Chrono Boost)  
  69  6:43  Stalker  
  69  6:46  Pylon  
  71  6:47  Warp Prism (Chrono Boost)  
  71  6:49  Probe x2  
  71  6:54  Stalker  
  74  7:05  Probe x2  
  74  7:07  Probe  
  76  7:10  Stalker x2  
  76  7:12  Zealot  
  76  7:13  Zealot  
  84  7:17  Probe  
  85  7:26  Zealot x2  
  85  7:29  Shield Battery  
  89  7:31  Observer  
  89  7:32  Probe x2  
  89  7:37  Pylon  
  92  7:49  Probe  
  93  7:51  Pylon, Shield Battery  
  93  7:52  Pylon  
  93  8:06  Zealot x3  
  93  8:07  Zealot  
  93  8:10  Zealot x6  
  105  8:13  Photon Cannon  
  105  8:14  Shield Battery  
  105  8:16  Gateway  
  105  8:17  Gateway  
  105  8:20  Templar Archives  
  105  8:22  Immortal (Chrono Boost)  
  105  8:24  Pylon  
  105  8:26  Pylon  
  109  8:46  Zealot x6  
  121  8:59  Pylon  
  115  9:10  Zealot x6  
  107  9:19  Zealot x2  
  107  9:23  Immortal (Chrono Boost)  
  95  9:30  Zealot x3  
  95  9:31  Zealot x3  
  101  9:41  Zealot x2  
  104  9:50  Zealot x2  
  104  9:51  Zealot x3  
  104  9:52  Immortal (Chrono Boost)  
  106  10:09  Zealot x3  
  106  10:10  Zealot  
  106  10:11  Zealot x3  
  104  10:24  Zealot  
Show
View Real Time Build Order
Export as new Build Order

Nice Protoss 

Build Orders: Oracle Opening, Zealot Archon 

Get SALT Encoding   

  12  0:00  Probe  
  13  0:12  Probe  
  14  0:19  Pylon  
  14  0:24  Probe  
  15  0:37  Probe (Chrono Boost)  
  15  0:39  Gateway  
  16  0:48  Probe (Chrono Boost)  
  16  0:49  Assimilator  
  17  0:53  Probe (Chrono Boost)  
  18  1:03  Probe  
  19  1:15  Probe  
  20  1:24  Pylon  
  20  1:26  Zealot  
  20  1:28  Probe, Cybernetics Core  
  23  1:37  Assimilator  
  23  1:42  Probe  
  23  1:43  Pylon  
  25  1:54  Probe  
  25  2:02  Adept (Chrono Boost), Pylon  
  25  2:06  Probe  
  28  2:12  Pylon  
  28  2:21  Stargate  
  28  2:24  Shield Battery  
  28  2:25  Shield Battery  
  28  2:28  Adept  
  29  2:48  Probe, Nexus  
  30  3:00  Probe  
  30  3:02  Oracle (Chrono Boost)  
  34  3:10  Pylon  
  34  3:12  Probe  
  35  3:24  Pylon  
  35  3:30  Gateway  
  36  3:35  Warp Gate  
  36  3:36  Oracle (Chrono Boost)  
  36  3:40  Probe  
  39  3:53  Probe (Chrono Boost)  
  40  3:55  Gateway  
  40  4:00  Probe (Chrono Boost)  
  40  4:02  Pylon  
  43  4:10  Probe (Chrono Boost), Robotics Facility  
  43  4:11  Probe (Chrono Boost)  
  42  4:17  Probe (Chrono Boost)  
  42  4:26  Probe (Chrono Boost)  
  42  4:30  Gateway  
  40  4:35  Probe (Chrono Boost)  
  40  4:36  Probe (Chrono Boost)  
  41  4:41  Probe x2 (Chrono Boost), Stalker  
  45  4:46  Sentry  
  45  4:48  Assimilator, Shield Battery  
  47  4:53  Probe x2, Pylon  
  47  4:59  Observer (Chrono Boost)  
  47  5:04  Assimilator  
  47  5:05  Probe  
  48  5:07  Twilight Council  
  48  5:13  Probe  
  49  5:17  Probe  
  49  5:18  Immortal (Chrono Boost)  
  54  5:25  Probe  
  55  5:29  Probe  
  55  5:30  Pylon  
  55  5:32  Forge  
  56  5:46  Charge  
  56  5:48  Immortal (Chrono Boost)  
  60  5:51  Gateway  
  60  5:53  Gateway  
  60  5:54  Gateway  
  60  5:59  Gateway  
  60  6:03  Observer  
  60  6:04  Templar Archives  
  60  6:18  Gateway  
  60  6:23  Immortal (Chrono Boost)  
  64  6:29  Zealot x3  
  70  6:34  Pylon  
  70  6:50  Observer (Chrono Boost)  
  70  6:52  Zealot x6  
  83  7:00  Shield Battery  
  83  7:02  Pylon  
  83  7:03  Observer, Stalker  
  85  7:18  Pylon  
  85  7:19  Warp Prism (Chrono Boost)  
  87  7:24  Pylon  
  87  7:26  High Templar  
  87  7:27  High Templar x2  
  93  7:39  High Templar x2  
  93  7:40  Archon  
  97  7:45  High Templar  
  97  7:48  Forge  
  99  7:52  Archon  
  99  7:58  Pylon  
  99  8:03  Zealot x5  
  109  8:11  Pylon  
  109  8:13  Pylon  
  109  8:14  Phoenix (Chrono Boost)  
  110  8:20  High Templar x2  
  110  8:21  Zealot  
  110  8:24  Archon x2  
  116  8:29  Pylon  
  116  8:30  Pylon  
  116  8:32  Observer  
  116  8:43  Zealot x6  
  127  9:10  Zealot x8  
  97  9:30  High Templar x2, Zealot x5  
  103  9:35  Archon  
  103  9:45  Zealot  
  101  9:53  High Templar x4  
  101  9:54  Zealot  
  101  9:57  Archon  
  101  9:58  Archon  
  95  10:16  Zealot x4  
Tags
 
Add a new tag
Caveats
  • Supply blocks, unpowered buildings, or Contaminate may cause inaccurate times.
  • Supply counts are checked every 10 seconds.